 Dungeon Crawl Stone Soup version 0.17-a0-2064-g265a032 (webtiles) character file.

1056 derrpe the Gusty (level 8, 0/51 HPs)
             Began as a High Elf Air Elementalist on Oct 12, 2015.
             Was a Follower of Ashenzari.
             Slain by a giant frog skeleton (4 damage)
             ... on level 4 of the Dungeon.
             The game lasted 00:15:16 (5980 turns).

derrpe the Gusty (High Elf Air Elementalist)        Turns: 5980, Time: 00:15:17

Health: 0/51       AC:  2    Str:  6 (7)  XL:     8   Next: 6%
Magic:  3/21       EV: 15    Int: 25      God:    Ashenzari [*.....]
Gold:   145        SH:  0    Dex: 19      Spells: 4 memorised, 1 level left

rFire  . . .     SeeInvis .     i - +2 dagger (drain) (curse)
rCold  . . .     Clarity  .     a - +0 robe
rNeg   . . .     SustAt   .     (no shield)
rPois  .         Gourm    .     (no helmet)
rElec  .         Spirit   .     (no cloak)
rCorr  .         Warding  .     (no gloves)
rMut   .         Stasis   .     (no boots)
MR     .....                    (no amulet)
Stlth  ++........               d - ring of magical power (curse)
                                o - ring of wizardry (curse)

@: brilliant, about to teleport, very slightly contaminated, hasted, repel
missiles, very quick, not resistant to hostile enchantments, unstealthy
A: talons 1, agile 1, slow regeneration 1
a: Scrying, Renounce Religion


You were on level 4 of the Dungeon.
You worshipped Ashenzari.
Ashenzari was aware of your devotion.
You were very hungry.

You visited 1 branch of the dungeon, and saw 5 of its levels.

You collected 145 gold pieces.

Inventory:

Hand Weapons
 i - a cursed +2 dagger of draining (weapon)
Armour
 a - a +0 robe (worn)
Jewellery
 d - a cursed ring of magical power (right hand)
 o - a cursed ring of wizardry (left hand)
Scrolls
 e - a scroll of fog {unknown}
 g - 3 scrolls of magic mapping {unknown}
 j - 5 scrolls of curse armour
 k - a scroll of fear {unknown}
 n - a scroll of identify
 r - a scroll of curse weapon
 t - 2 scrolls of enchant weapon {unknown}
 u - a scroll of amnesia {unknown}
 x - a scroll of remove curse
Books
 b - a book of Air

   Spells                             Type                      Level
   a - Shock                          Conjuration/Air              1
   b - Swiftness                      Charms/Air                   2
   c - Repel Missiles                 Charms/Air                   2
   d - Static Discharge               Conjuration/Air              3
   e - Lightning Bolt                 Conjuration/Air              5
 s - a book of Hinderance

   Spells                             Type                      Level
   a - Confusing Touch                Hexes                        2
   b - Confuse                        Hexes                        3
   c - Gell's Gravitas                Hexes/Translocation          3
   d - Petrify                        Transmutation/Earth          4
   e - Metabolic Englaciation         Hexes/Ice                    5
 w - a book of Maledictions

   Spells                             Type                      Level
   a - Corona                         Hexes                        1
   b - Ensorcelled Hibernation        Hexes/Ice                    2
   c - Confuse                        Hexes                        3
   d - Tukima's Dance                 Hexes                        3
   e - Dazzling Spray                 Conjuration/Hexes            3
Comestibles
 c - 4 bread rations {@e1}
 f - a slice of pizza
 h - a chunk of flesh {@w0}


   Skills:
 + Level 2.9 Fighting
 + Level 4.4 Dodging
 - Level 2.1 Stealth
 - Level 2.4 Spellcasting
 + Level 6.2 Conjurations
 + Level 7.7 Air Magic


You had one spell level left.
You knew the following spells:

 Your Spells              Type           Power        Failure   Level  Hunger
a - Shock                 Conj/Air       ####         1%          1    None
b - Repel Missiles        Chrm/Air       #####.       1%          2    ##.....
c - Swiftness             Chrm/Air       #####...     1%          2    ##.....
d - Lightning Bolt        Conj/Air       ######....   2%          5    ######.


Dungeon Overview and Level Annotations

Branches:
Dungeon (5/15)             Temple (0/1) D:5

Altars:
Ashenzari
Dithmenos
Yredelemnul
Zin
The Shining One

Shops:
D:4 (   D:5 ?

Annotations:
D:4 Yermak's ghost, amateur OpAs


Innate Abilities, Weirdness & Mutations

You have sharp toenails.
You are agile. (Dex +2)
You regenerate slowly when monsters are visible.


Message History

Drink which item? (? for menu, Esc to quit)
Okay, then.
The giant frog skeleton misses you.
Drink which item? (? for menu, Esc to quit)
You feel yourself speed up.
The giant frog skeleton barely misses you.
You are very lightly contaminated with residual magic.
Read which item? (? for menu, Esc to quit)
As you read the scroll labeled WECOSA UTZE, it crumbles to dust.
It is a scroll of identify.
Identify which item? (\ to view known items) (? for menu, Esc to quit)
m - a scroll of teleportation The giant frog skeleton closely misses you.
Read which item? (? for menu, Esc to quit)
As you read the scroll of teleportation, it crumbles to dust.
You feel strangely unstable.
The giant frog skeleton closely misses you.
Unknown command.
The giant frog skeleton hits you.
You die...

#.#...................##
#.#############.........
#. #.......## #.
#.......## #. #........#
#........# #........#
######## #.........
#....@.# #........#
#.....Z# #.........
#...s..# #....#####
#.....รท# #....####
#......######.......#
#......).........##..#
#####.#######....# ..
#.# ...### . .. .#..#


You could see a scorpion (wandering) and a giant frog skeleton.

Vanquished Creatures
  Sigmund (D:3)
  A water moccasin (D:4)
  An ogre (D:5)
  3 phantoms (D:4)
  A giant frog (D:3)
  A hound (D:4)
  2 orc priests
  Crazy Yiuf (D:4)
  Jessica (D:3)
  An iguana (D:4)
  An orc wizard (D:5)
  A worker ant (D:4)
  4 adders
  3 gnolls (D:3)
  6 oozes
  A worm (D:2)
  2 giant geckos
  14 orcs
  4 giant cockroaches
  3 goblins (D:1)
  5 hobgoblins
  3 jackals (D:2)
  2 quokkas
  7 bats
  8 giant newts
  A jackal skeleton (D:5)
  16 kobolds
  8 rats
102 creatures vanquished.

Vanquished Creatures (others)
  A kobold (D:5)
1 creature vanquished.

Grand Total: 103 creatures vanquished

Notes
Turn   | Place    | Note
--------------------------------------------------------------
     0 | D:1      | derrpe the High Elf Air Elementalist began the quest for the Orb.
     0 | D:1      | Reached XP level 1. HP: 11/11 MP: 4/4
   128 | D:1      | Reached XP level 2. HP: 13/17 MP: 4/6
   361 | D:1      | Reached skill level 4 in Air Magic
  1065 | D:1      | Reached XP level 3. HP: 21/21 MP: 5/7
  1511 | D:2      | Learned a level 2 spell: Repel Missiles
  1514 | D:2      | Learned a level 2 spell: Swiftness
  1547 | D:2      | Found a shattered altar of Ashenzari.
  2103 | D:2      | Became a worshipper of Ashenzari the Shackled
  2251 | D:3      | Reached XP level 4. HP: 27/27 MP: 8/8
  2305 | D:3      | Reached skill level 5 in Air Magic
  2485 | D:3      | Noticed Sigmund
  2495 | D:3      | Killed Sigmund
  2495 | D:3      | Reached skill level 6 in Air Magic
  2495 | D:3      | Reached XP level 5. HP: 26/31 MP: 3/9
  2563 | D:3      | Found a glowing golden altar of the Shining One.
  2666 | D:3      | Reached XP level 6. HP: 31/36 MP: 10/10
  2729 | D:3      | Reached skill level 5 in Conjurations
  2953 | D:3      | Noticed Jessica
  2959 | D:3      | Killed Jessica
  3571 | D:4      | Reached skill level 1 in Fighting
  3591 | D:4      | Noticed Yermak's ghost (amateur OpAs)
  3884 | D:4      | Noticed a water moccasin
  4068 | D:4      | Gained mutation: You have sharp toenails. [potion of mutation]
  4068 | D:4      | Gained mutation: You are agile. (Dex +2) [potion of mutation]
  4068 | D:4      | Gained mutation: You regenerate slowly when monsters are visible. [potion of mutation]
  4074 | D:4      | Killed a water moccasin
  4074 | D:4      | Reached skill level 7 in Air Magic
  4074 | D:4      | Reached XP level 7. HP: 6/43 MP: 8/11
  4331 | D:4      | Learned a level 5 spell: Lightning Bolt
  4333 | D:4      | Found Vateuwema's Antique Weapon Shoppe.
  4643 | D:4      | Reached * piety under Ashenzari
  5053 | D:4      | Found a glowing silver altar of Zin.
  5053 | D:4      | Found a shadowy altar of Dithmenos.
  5139 | D:5      | Entered Level 5 of the Dungeon
  5158 | D:5      | Found a basalt altar of Yredelemnul.
  5172 | D:5      | Found Quogohiuqi's Magic Scroll Emporium.
  5394 | D:5      | Found a staircase to the Ecumenical Temple.
  5933 | D:4      | Reached XP level 8. HP: 31/51 MP: 8/12
  5937 | D:4      | Noticed Crazy Yiuf
  5946 | D:4      | Killed Crazy Yiuf
  5980 | D:4      | Slain by a giant frog skeleton

Vault maps used:
D:1:      erik_arrival_triangle_small
D:2:      nicolae_ashenzari_panopticon
D:3:      tso_oasis_becter, nicolae_underground_beach, uniq_jessica,
          uniq_sigmund
D:4:      gammafunk_temple_overflow_elements, serial_shops,
          nicolae_shop_crystal, uniq_crazy_yiuf_cottage
D:5:      kennysheep_kobold_camp, yredelemnul_altar_generic,
          minmay_temple_entry_from_below_a, serial_shops,
          nicolae_shop_statue_plus, first_bread, hangedman_decor_lopped

Action                   |  1- 3 |  4- 6 |  7- 9 || total
-------------------------+-------+-------+-------++-------
Melee: Short sword       |     1 |       |       ||     1
       Dagger            |    42 |    50 |    62 ||   154
Throw: Javelin           |     8 |     3 |       ||    11
 Cast: Shock             |    29 |    34 |    40 ||   103
       Repel Missiles    |     1 |       |       ||     1
       Lightning Bolt    |       |       |     6 ||     6
  Use: Potion            |       |     7 |     5 ||    12
       Scroll            |       |     1 |     4 ||     5
 Stab: Sleeping          |     5 |     4 |     2 ||    11
  Eat: Chunk             |     4 |     6 |     1 ||    11
       Bread ration      |       |       |     1 ||     1
       Pizza             |       |       |     1 ||     1
